 Dungeon Crawl Stone Soup version 0.28-a0-689-ga55568f2eb (webtiles) character file.

Game seed: 9117774120335296121

76 EiAlmux the Magician (level 4, -4/32 HPs)
             Began as a Djinni Fire Elementalist on Oct 20, 2021.
             Killed from afar by an orc wizard (6 damage)
             ... with a magic dart
             ... on level 3 of the Dungeon.
             The game lasted 00:03:40 (3523 turns).

EiAlmux the Magician (Djinni Fire Elementalist)     Turns: 3523, Time: 00:03:41

Health: -4/32      AC:  2    Str:  7    XL:     4   Next: 57%
Gold:   110        EV: 13    Int: 17    God:
                   SH:  0    Dex: 14

rFire   + + .      SeeInvis .   (no weapon)
rCold   x . .      Faith    .   (no shield)
rNeg    . . .      Spirit   .   a - +0 robe
rPois   ∞          Reflect  .   (no helmet)
rElec   .          Harm     .   (no cloak)
rCorr   .          Rampage  .   (no gloves)
Will    .....                   (boots unavailable)
Stlth   ++........              (no amulet)
HPRegen 0.10/turn               (no ring)
MPRegen 0.00/turn               (no ring)

@: flying
A: sickness immunity, fire resistance 2, cold vulnerability 1, float, innate
caster, hp casting, extra vitality 1
a: no special abilities


You were on level 3 of the Dungeon.
You visited 1 branch of the dungeon, and saw 3 of its levels.

You collected 110 gold pieces.

Inventory:

Armour
 a - a +0 robe (worn)
Jewellery
 h - a ring of ice
Scrolls
 d - 5 scrolls of identify {unknown}
 e - 3 scrolls of immolation {unknown}
 f - 2 scrolls of enchant weapon {unknown}
 i - a scroll of summoning {unknown}
 j - a scroll of torment {unknown}
 m - a scroll of silence {unknown}
 p - a scroll of magic mapping {unknown}
Potions
 b - a potion of resistance {unknown}
 c - 2 potions of berserk rage {unknown}
 g - a potion of heal wounds {unknown}
 k - 2 potions of lignification {unknown}
 l - a potion of brilliance {unknown}
 n - a potion of degeneration {unknown}
 o - a potion of ambrosia {unknown}


   Skills:
 + Level 1.5 Fighting
 + Level 2.9 Dodging
 + Level 2.2 Stealth
 * Level 3.0 Spellcasting


You couldn't memorise any spells.
You knew the following spells:

 Your Spells              Type           Power      Damage    Failure   Level
a - Foxfire               Conj/Fire      52%        2x1d6     4%          1
b - Scorch                Fire           26%        2d6       8%          2
c - Conjure Flame         Conj/Fire      13%        6-21      14%         3
d - Inner Flame           Hex/Fire       13%        N/A       14%         3
e - Flame Wave            Conj/Fire      13%        3d5       43%         4
f - Summon Small Mammal   Summ           52%        N/A       4%          1
Your spell library was empty.

Dungeon Overview and Level Annotations

Branches:
Dungeon (3/15)

Altars:
Elyvilon
Hepliaklqana


Innate Abilities, Weirdness & Mutations

You are immune to sickness and miasma.
You are immune to poison.
Your flesh is very heat resistant. (rF++)
You are vulnerable to cold. (rC-)
You float through the air rather than walking.
You learn spells naturally, not from books.
Your magical power is your life essence.
You have superior vitality. (+4 HP)


Message History

Your foxfire dissipates!
The foxfire hits the orc.
The orc is severely wounded.
Casting: Foxfire (safe; 4% risk of failure)
Confirm with . or Enter, or press ? or * to list all spells.
You conjure some foxfire!
Your foxfire dissipates!
The foxfire hits something but does no damage.
Casting: Foxfire (safe; 4% risk of failure)
Confirm with . or Enter, or press ? or * to list all spells.
You conjure some foxfire!
Something barely misses you.
The foxfire hits something.
Casting: Foxfire (safe; 4% risk of failure)
Confirm with . or Enter, or press ? or * to list all spells.
You conjure some foxfire!
The foxfire hits something.
Something hits you.
The foxfire hits the orc.
The orc is severely wounded.
Casting: Foxfire (safe; 4% risk of failure)
Confirm with . or Enter, or press ? or * to list all spells.
You conjure some foxfire!
The foxfire hits something.
Something hits you. Something barely misses you.
Casting: Foxfire (safe; 4% risk of failure)
Confirm with . or Enter, or press ? or * to list all spells.
You conjure some foxfire!
The foxfire hits something but does no damage.
Something hits you. The orc completely misses you. Something hits you.
Casting: Foxfire (safe; 4% risk of failure)
Confirm with . or Enter, or press ? or * to list all spells.
You conjure some foxfire!
* * * LOW HITPOINT WARNING * * *
The foxfire hits something.
Something hits you.
* * * LOW HITPOINT WARNING * * *
The orc hits you with a +0 club.
* * * LOW HITPOINT WARNING * * *
Something hits you.
* * * LOW HITPOINT WARNING * * *
Your foxfire dissipates!
A magic dart appears from out of thin air!
The magic dart hits you.
You die...

##.###.##.### ##...............
...# #.##..# #.......######.#.#.
######.###.#########..#<.........
......................#.#...#.#.#
......P#####..#'##....#.#........
.####### #..#).#P...#)...#.#.#.
.# #.P#..#............... .#
###+#..####...#....#.#.#.#
.#####+#......o.@....#.#<........
..............{{.....#.#.#.#.#.#.
...........##'##).P..#.#.........
.P####..#'##.(.##)#..#..#.#.#.#.#
+..#..#..)#..#.(#.#......†..
#).#).#.[(#.)#......#.#.#.#.
#..###########..#.#......... ....
.....#..#.#.#.# .....#
..###.#.......


You could see an orc.

Vanquished Creatures
  2 worms (D:2)
  3 dart slugs
  9 orcs (D:3)
  3 endoplasms
  A giant cockroach (D:1)
  6 goblins
  5 hobgoblins
  2 kobolds
  2 quokkas (D:1)
  8 ball pythons
  4 bats
  6 frilled lizards
  6 rats
57 creatures vanquished.

Vanquished Creatures (others)
  37 foxfires
  A plant (D:3)
38 creatures vanquished.

Grand Total: 95 creatures vanquished

Notes
Turn   | Place    | Note
-------+----------+-------------------------------------------
     0 | D:1      | EiAlmux the Djinni Fire Elementalist began the quest for
                  | the Orb.
     0 | D:1      | Reached XP level 1. HP: 15/15 MP: 0/0
    67 | D:1      | Reached XP level 2. HP: 3/22 MP: 0/0
   677 | D:1      | Reached XP level 3. HP: 16/26 MP: 0/0
   677 | D:1      | Learned a level 1 spell: Summon Small Mammal
   888 | D:1      | Found a faded altar of an unknown god.
  1128 | D:2      | Reached skill level 1 in Fighting
  2086 | D:2      | Reached XP level 4. HP: 28/32 MP: 0/0
  2501 | D:2      | Found a white marble altar of Elyvilon.
  2768 | D:3      | Reached skill level 3 in Spellcasting
  3192 | D:3      | Found a hazy altar of Hepliaklqana.
  3523 | D:3      | Killed from afar by an orc wizard

Illustrated notes

Levels and vault maps discovered:
D:1:      erik_arrival_orb_chamber, layout_rooms, ebering_ecumenical_altar_rust,
          minmay_fountain_box
D:2:      layout_basic, basic_altar, minmay_heptomino_w4
D:3:      corexii_shack_village, layout_basic, nicolae_overflow_hidden_temple,
          lemuel_coloured_pillars_altar, nicolae_overflow_crystal_walls,
          ebering_ghost_rock_garden, hex_large, minmay_misc_feat_ornament,
          minmay_misc_feat_secret_circle

Skill      XL: |  1  2  3  4 |
---------------+-------------+-----
Fighting       | 1 |  1.5
Stealth        | 2 |  2.2
Spellcasting   | 3 |  3.0
Dodging        | |  2.9

Action                   |  1- 3 |  4- 6 || total
-------------------------+-------+-------++-------
Melee: Unarmed           |     2 |       ||     2
 Cast: Foxfire           |    13 |    12 ||    25
       Scorch            |    34 |    23 ||    57
Armor: Robe              |       |     4 ||     4
Dodge: Dodged            |     3 |    15 ||    18

Table legend: (Time is in decaauts)
 A = Elapsed time spent in this place.
 B = Non-inter-level travel time spent in this place.
 C = Inter-level travel time spent in this place.
 D = Time resting spent in this place.
 E = Time spent auto-exploring this place.
 F = Levels seen in this place.
 G = Mean time per level.
                   A        B        C        D        E       F      G
               +--------+--------+--------+--------+--------+-----+--------+
         Total |   3523 |   3442 |     81 |    507 |   2645 |   3 | 1174.3 |
       Dungeon |   3523 |   3442 |     81 |    507 |   2645 |   3 | 1174.3 |
               +--------+--------+--------+--------+--------+-----+--------+

Top non-repeatable levels by time:
     D:1: 1334 daAuts
     D:2: 1241 daAuts
     D:3: 947 daAuts
